 Dungeon Crawl Stone Soup version 0.22-a0-779-g6f83d72c62 (webtiles) character file.

222197 Mirvelgyr the Executioner (level 18, -11/256 HPs)
             Began as a Minotaur Berserker on July 19, 2018.
             Was the Champion of Trog.
             Killed by the raging water
             ... invoked by a water nymph
              (32 damage)
             ... on level 1 of the Shoals.
             The game lasted 01:15:57 (33135 turns).

Mirvelgyr the Executioner (Minotaur Berserker)     Turns: 33135, Time: 01:15:58

Health: -11/256    AC: 31    Str: 34    XL:     18   Next: 52%
Magic:  17/17      EV: 20    Int:  4    God:    Trog [******]
Gold:   1613       SH:  0    Dex: 13    Spells: 17/17 levels left

rFire    + + .     SeeInvis +   G - +9 executioner's axe (flame)
rCold    + + .     Gourm    .   (shield currently unavailable)
rNeg     + + +     Faith    .   M - +2 plate armour {rC+}
rPois    .         Spirit   .   z - +2 hat {SInv}
rElec    +         Reflect  .   x - +2 cloak
rCorr    .         Harm     .   f - +2 pair of gloves {archery}
MR       +++++     Clarity  +   h - +0 pair of boots of the Clam {+Blink rF++ rN+++}
Stlth    ..........             w - amulet of the Four Winds {rN+ MR+++ Clar}
HPRegen  1.52/turn              I - ring of protection from cold
MPRegen  0.15/turn              X - ring "Veele" {EV+2 Slay+6}

@: berserking, regenerating, slow
A: retaliatory headbutt, horns 2, agile 1, electricity resistance
}: 1/15 runes: gossamer
a: Berserk, Trog's Hand, Brothers in Arms, Renounce Religion, Evoke Blink


You were on level 1 of the Shoals.
You worshipped Trog.
Trog was exalted by your worship.
You were full.

You visited 6 branches of the dungeon, and saw 29 of its levels.
You visited 1 bazaar.
You also visited: Labyrinth and Ice Cave.

You collected 3848 gold pieces.
You spent 2235 gold pieces at shops.

Inventory:

Hand Weapons
 v - a +4 antimagic battleaxe
 G - a +9 executioner's axe of flaming (weapon)
 L - the +9 battleaxe of Defiance {chop, Str+4}
   (Trog gifted it to you on level 3 of the Spider Nest)

   It inflicts extra damage upon your enemies.
   It affects your strength (+4).
Missiles
 n - 141 stones (quivered)
Armour
 f - a +2 pair of gloves of archery (worn)
 h - the +0 pair of boots of the Clam (worn) {+Blink rF++ rN+++}
   (You bought it in a shop in a bazaar)

   It greatly protects you from fire.
   It renders you almost immune to negative energy.
   It lets you blink.
 x - a +2 cloak (worn)
 z - a +2 hat of see invisible (worn)
 M - a +2 plate armour of cold resistance (worn)
 Q - a +2 plate armour of magic resistance
Jewellery
 p - an uncursed ring of protection from magic
 w - the amulet of the Four Winds (around neck) {rN+ MR+++ Clar}
   (You bought it in a shop in a bazaar)

   [amulet of nothing]

   It protects you from negative energy.
   It affects your resistance to hostile enchantments.
   It protects you against confusion.
 I - a ring of protection from cold (left hand)
 K - an uncursed amulet of guardian spirit
 S - an uncursed ring of poison resistance
 W - an uncursed ring of flight
 X - the ring "Veele" (right hand) {EV+2 Slay+6}
   (You found it in an ice cave)

   [ring of evasion]

   It affects your evasion (+2).
   It affects your accuracy and damage with ranged weapons and melee attacks
   (+6).
Wands
 A - a wand of disintegration (9)
Scrolls
 b - 7 scrolls of magic mapping
 d - 10 scrolls of teleportation
 o - a scroll of holy word
 s - a scroll of identify
 y - 6 scrolls of remove curse
 B - 2 scrolls of blinking
 D - 2 scrolls of fear
 E - 7 scrolls of fog
 H - 4 scrolls of enchant weapon
 V - 2 scrolls of summoning
Potions
 a - 2 potions of agility
 e - 2 potions of resistance
 g - 3 potions of heal wounds
 i - 3 potions of cancellation
 k - 5 potions of haste
 m - 5 potions of brilliance
 q - 6 potions of mutation
 t - 5 potions of magic
 u - 6 potions of curing
 C - a potion of might
 F - 2 potions of ambrosia
Miscellaneous
 r - a lamp of fire
Comestibles
 c - 22 rations


   Skills:
 - Level 17.7 Fighting
 + Level 23.5 Axes
 - Level 17.6 Armour
 - Level 16.3 Dodging


You had 17 spell levels left.
You didn't know any spells.
Your spell library was empty.

Dungeon Overview and Level Annotations

Branches:
Dungeon (15/15)            Temple (0/1) D:6            Lair (6/6) D:11
 Shoals (1/4) Lair:3       Spider (4/4) Lair:2        Slime (0/5) Lair:5
    Orc (2/2) D:12            Elf (0/3) Orc:2        Vaults (0/5) D:14
 Depths (1/5) D:15

Altars:
Ashenzari
Dithmenos
Elyvilon
Gozag
Kikubaaqudgha
Makhleb
Okawaru
Trog
Vehumet
Wu Jian
The Shining One
Beogh
Jiyva

Shops:
D:14 *   D:15 :   Orc:1 (   Orc:2 *[(*   Depths:1 *

Portals:
Hell: Depths:1
Pandemonium: Depths:1
Ziggurat: Depths:1

Annotations:
Lair:6 exclusion: oklob plant


Innate Abilities, Weirdness & Mutations

You reflexively headbutt those who attack you in melee.
You have a pair of horns on your head.
You are agile. (Dex +2)
You are resistant to electric shocks. (rElec)


Message History

The merfolk impaler misses you.
The merfolk siren hits you with a spear.
* * * LOW HITPOINT WARNING * * *
The water nymph touches you. The water nymph drowns you!
* * * LOW HITPOINT WARNING * * *
The water nymph casts a spell at you. The water swirls and strikes you!
* * * LOW HITPOINT WARNING * * *
The merfolk impaler completely misses you.
The merfolk aquamancer gestures at you while chanting.
The ball of steam misses you.
You slice the merfolk impaler!! You burn the merfolk impaler!
You headbutt the merfolk impaler!!
The merfolk impaler is severely wounded.
You closely miss the merfolk siren. You miss the water nymph.
The merfolk siren completely misses you.
You furiously retaliate!
You headbutt the merfolk siren!!
The water nymph points at you and mumbles some strange words.
The water swirls and strikes you!
You die...

≈≈≈≈≈≈≈≈≈≈≈≈≈≈≈≈≈≈≈...
≈≈≈≈≈≈≈≈≈.≈≈≈≈≈≈≈≈#.≈≈≈
≈≈≈≈≈≈≈≈.<.≈≈≈≈≈≈≈≈≈≈≈≈
≈≈≈≈≈≈≈.####.≈≈≈≈#≈≈≈≈≈
≈≈≈≈≈≈^.# #≈≈≈≈≈≈≈≈≈≈≈
≈≈≈≈≈≈≈.####≈≈≈≈≈#m≈≈≈≈
≈≈≈≈≈≈≈≈.....≈§)≈≈≈≈≈≈≈
≈≈≈≈≈≈≈≈≈≈≈≈§§≈mm≈#≈≈≈≈
≈≈≈≈≈≈≈≈≈≈≈≈≈≈§@m≈≈≈≈≈≈
≈≈≈≈≈≈≈≈≈≈≈≈≈≈m≈§§≈≈#≈≈
≈≈≈≈≈≈≈≈≈≈.##.≈≈≈≈m≈≈≈#
≈≈≈≈≈≈≈≈≈(.###≈≈≈≈≈≈≈≈≈
≈≈≈≈≈≈≈≈≈≈.# #.≈≈≈≈≈≈≈≈
≈≈≈≈≈≈≈≈≈≈. .≈≈≈≈≈≈≈≈≈
≈≈≈ ≈≈≈≈≈≈≈≈≈≈
≈≈≈≈≈≈≈≈≈≈≈


You could see a merfolk impaler, a merfolk aquamancer, a merfolk siren and 3
water nymphs.

Vanquished Creatures
  Bai Suzhen (Spider:4)
  Saint Roka (Orc:2)
  Nikola (Spider:1)
  Rupert (Spider:2)
  A lich (Depths:1)
  Asterion (Depths:1)
  The ghost of motoroller71 the Blocker, an adept GnFi of Makhleb (Spider:4)
  Agnes (Spider:1)
  Kirke (Spider:1)
  2 fire giants (Depths:1)
  Aizul (Spider:1)
  7 ghost moths
  4 emperor scorpions (Spider:4)
  The ghost of strelocc the Earth Mage, a journeyman DEEE of Vehumet (Depths:1)
  4 very ugly things (Depths:1)
  3 stone giants (Depths:1)
  A caustic shrike skeleton (Depths:1)
  4 entropy weavers
  A vampire knight (Depths:1)
  A minotaur (Lab)
  4 spark wasps
  2 ettins
  3 jiangshi (Depths:1)
  2 great orbs of eyes (Depths:1)
  Harold (Lair:3)
  A monstrous demonspawn (Depths:1)
  6 hydras
  A hell beast (Depths:1)
  2 rakshasas (Depths:1)
  The ghost of Fena the Spear-Bearer, a journeyman OpNe of Ashenzari (Orc:1)
  2 naga warriors (Depths:1)
  3 ice dragons
  3 catoblepae
  A merfolk avatar (Lair:6)
  2 merfolk aquamancers (Shoals:1)
  4 centaur warriors
  An anaconda (Depths:1)
  4 deep troll shamans (Depths:1)
  12 two-headed ogres
  2 ogre magi
  4 death yaks (Lair:4)
  A vampire mage (Depths:1)
  2 orc high priests
  A naga sharpshooter (Depths:1)
  A deep troll earth mage (Depths:1)
  A soul eater (Depths:1)
  Sonja (D:15)
  The ghost of Bikaver the Thaumaturge, a novice DECj of Vehumet (D:9)
  3 iron trolls (Depths:1)
  A sea snake (Lair:6)
  5 deep trolls (Depths:1)
  3 unseen horrors
  A deep troll (shapeshifter) (D:14)
  A tengu zombie (Depths:1)
  2 wizards
  8 orc knights
  A lindwurm (D:14)
  17 orb spiders
  4 deep elf magi
  A harpy (Lair:6)
  A necromancer (Depths:1)
  21 ugly things
  7 slime creatures (Depths:1)
  5 manticores
  An orc sorcerer (D:15)
  29 wolf spiders
  A salamander (shapeshifter) (Depths:1)
  3 cyclopes
  4 black mambas
  A merfolk siren (Lair:3)
  8 elephants (Lair:6)
  2 naga magi (D:15)
  2 ice statues (IceCv)
  2 torpor snails (Spider:2)
  2 gargoyles (D:11)
  6 spiny frogs
  An efreet (D:15)
  A spectral redback (Spider:4)
  14 demonic crawlers
  13 rime drakes
  A rime drake (shapeshifter) (D:13)
  3 ice devils
  11 komodo dragons
  An entropy weaver simulacrum (Spider:4)
  37 jumping spiders
  A polar bear (Lair:4)
  6 meliai
  A wolf spider simulacrum (Spider:4)
  9 trolls
  Grinder (D:3)
  A wind drake (Lair:6)
  15 hornets
  9 blink frogs
  A spectral tarantella (Spider:4)
  2 harpy skeletons
  7 dream sheep (Lair:4)
  7 hippogriffs
  Sigmund (D:2)
  103 redbacks
  49 tarantellas
  A spriggan (shapeshifter) (D:10)
  A shadow (D:12)
  A centaur simulacrum (D:14)
  An ice dragon skeleton (Depths:1)
  17 yaks
  5 hogs (Spider:1)
  7 wyverns
  5 water elementals
  2 fire bats (Lair:5)
  A fire elemental (Lair:5)
  A human (shapeshifter) (Depths:1)
  A golden eye (shapeshifter) (Depths:1)
  3 basilisks
  5 hungry ghosts
  2 chaos spawn (Depths:1)
  14 steam dragons
  2 spectral orb spiders (Spider:4)
  5 wargs (Orc:1)
  A naga (Depths:1)
  2 acid dragons
  7 water moccasins
  6 porcupines
  17 ice beasts
  A black bear (shapeshifter) (Depths:1)
  A jumping spider simulacrum (Spider:4)
  2 tarantella simulacra (Spider:4)
  2 hornet zombies
  40 orc warriors
  2 black bears
  4 phantoms
  2 necrophages (D:7)
  4 sky beasts
  12 ogres
  6 wolves (Lair:6)
  11 centaurs
  15 crocodiles
  A yaktaur zombie (Depths:1)
  3 big kobolds
  A gnoll sergeant (D:10)
  12 bullfrogs
  A wyvern zombie (D:9)
  A wyvern skeleton (D:8)
  6 scorpions
  9 killer bees
  4 jellies
  15 wights
  An electric eel (Spider:4)
  8 crimson imps
  A bullfrog zombie (D:9)
  3 lava snakes
  A centaur zombie (D:7)
  A quasit (D:14)
  10 hounds
  Crazy Yiuf (D:6)
  20 orc priests
  2 centaur skeletons
  2 iron imps (Depths:1)
  22 orc wizards
  A bullfrog skeleton (D:8)
  2 iguanas
  12 worker ants
  Natasha (thrice) (D:3)
  2 hound skeletons
  3 worker ant zombies
  11 gnolls
  12 adders
  4 shadow imps
  3 ufetubi (Depths:1)
  2 oozes
  4 worms
  An adder skeleton (D:5)
  2 dart slugs
  5 leopard geckos
  121 orcs
  4 bat zombies (D:9)
  4 giant cockroaches (D:2)
  6 goblins
  5 hobgoblins
  9 jackals
  11 kobolds
  2 quokkas
  A ball python (D:2)
  5 bats
  3 frilled lizards
  A jackal skeleton (D:6)
  A quokka skeleton (D:7)
  10 rats
  2 rat zombies (D:9)
  4 fungi
  3 plants
1137 creatures vanquished.

Vanquished Creatures (collateral kills)
  An orc sorcerer (Orc:2)
  A troll (Orc:2)
  2 orc warriors (Orc:2)
  An ogre (Orc:2)
  An orc priest (Orc:2)
  6 orcs (Orc:2)
12 creatures vanquished.

Vanquished Creatures (others)
  A redback (Spider:4)
  An orc (D:11)
  5 fungi
  7 plants
14 creatures vanquished.

Grand Total: 1163 creatures vanquished

Notes
Turn   | Place    | Note
-------+----------+-------------------------------------------
     0 | D:1      | Mirvelgyr the Minotaur Berserker began the quest for the Orb.
     0 | D:1      | Reached XP level 1. HP: 19/19 MP: 0/0
    73 | D:1      | Reached skill level 4 in Axes
   121 | D:1      | Reached XP level 2. HP: 22/26 MP: 1/1
   843 | D:2      | Reached skill level 5 in Axes
   843 | D:2      | Reached XP level 3. HP: 30/31 MP: 2/2
   905 | D:2      | Noticed Sigmund
   912 | D:2      | Killed Sigmund
   912 | D:2      | Reached skill level 7 in Axes
   912 | D:2      | Reached XP level 4. HP: 39/39 MP: 3/3
   912 | D:2      | Reached XP level 5. HP: 45/45 MP: 4/4
  1120 | D:2      | Reached ** piety under Trog
  1364 | D:3      | Reached skill level 8 in Axes
  1428 | D:3      | Noticed Natasha
  1437 | D:3      | Killed Natasha
  1464 | D:3      | Reached XP level 6. HP: 50/51 MP: 5/5
  1481 | D:3      | Noticed Grinder
  1505 | D:3      | Killed Grinder
  1505 | D:3      | Reached skill level 9 in Axes
  1549 | D:3      | Noticed Natasha
  1556 | D:3      | Killed Natasha
  1729 | D:3      | Noticed Natasha
  1732 | D:3      | Found a white marble altar of Elyvilon.
  1737 | D:3      | Killed Natasha
  1737 | D:3      | Reached XP level 7. HP: 50/57 MP: 6/6
  2199 | D:4      | Reached skill level 10 in Axes
  2315 | D:4      | Found an ornate altar of the Wu Jian Council.
  2503 | D:4      | Noticed a moth of wrath
  2506 | D:4      | Found a bloodstained altar of Trog.
  3276 | D:5      | Entered Level 5 of the Dungeon
  3475 | D:5      | Reached skill level 11 in Axes
  3475 | D:5      | Reached XP level 8. HP: 66/66 MP: 7/7
  3525 | D:5      | Reached *** piety under Trog
  4104 | D:6      | Found a staircase to the Ecumenical Temple.
  4127 | D:6      | Reached skill level 5 in Fighting
  4485 | D:6      | Reached skill level 12 in Axes
  4592 | D:6      | Found a runed door.
  4596 | D:6      | Noticed Crazy Yiuf
  4599 | D:6      | Killed Crazy Yiuf
  4651 | D:7      | Reached XP level 9. HP: 62/72 MP: 8/8
  4714 | D:7      | Reached skill level 5 in Armour
  5175 | D:7      | Reached skill level 5 in Dodging
  5622 | D:8      | Reached **** piety under Trog
  5783 | D:8      | Reached skill level 13 in Axes
  6083 | D:8      | Found a burning altar of Makhleb.
  6130 | D:8      | Reached XP level 10. HP: 82/84 MP: 9/9
  6263 | D:8      | Gained mutation: You are agile. (Dex +2) [potion of mutation]
  6263 | D:8      | Gained mutation: You are resistant to electric shocks. (rElec) [potion of mutation]
  6422 | D:9      | Noticed a centaur warrior
  6686 | D:9      | Killed a centaur warrior
  6852 | D:9      | Found an ancient bone altar of Kikubaaqudgha.
  7279 | D:9      | Found a radiant altar of Vehumet.
  7279 | D:9      | Found a glowing golden altar of the Shining One.
  7351 | D:9      | Found a runed door.
  7352 | D:9      | Found the +8 autumn katana {slice, Clar}
  7352 | D:9      | Noticed Bikaver's ghost (novice DECj)
  7364 | D:9      | Killed Bikaver's ghost
  7364 | D:9      | Reached skill level 14 in Axes
  7718 | D:9      | You fall through a shaft for 2 floors!
  7718 | D:11     | Noticed a green ugly thing
  7735 | D:11     | Killed a green ugly thing
  8038 | D:11     | Noticed a red ugly thing
  8055 | D:11     | Killed a red ugly thing
  8457 | D:11     | Noticed a four-headed hydra
  8472 | D:11     | Killed a ten-headed hydra
  8594 | D:11     | Reached XP level 11. HP: 75/93 MP: 10/10
  8642 | D:10     | Entered Level 10 of the Dungeon
  8676 | D:9      | Found an opulent altar of Gozag.
  8676 | D:9      | Found a shattered altar of Ashenzari.
  9008 | D:10     | Noticed a five-headed hydra
  9015 | D:10     | Killed a nine-headed hydra
  9015 | D:10     | Reached skill level 15 in Axes
  9420 | D:10     | Killed an unseen horror
  9504 | D:10     | Noticed a six-headed hydra
  9545 | D:10     | Killed an eight-headed hydra
  9801 | D:11     | Found a staircase to the Lair.
  9829 | D:11     | Noticed a five-headed hydra
  9836 | D:11     | Killed a ten-headed hydra
 10322 | D:11     | Reached ***** piety under Trog
 10332 | D:11     | Killed an unseen horror
 10386 | D:11     | Reached skill level 10 in Fighting
 10496 | D:11     | Noticed a two-headed ogre
 10504 | D:11     | Killed a two-headed ogre
 10504 | D:11     | Reached skill level 16 in Axes
 10531 | D:11     | Reached XP level 12. HP: 102/104 MP: 11/11
 10565 | D:11     | Noticed a two-headed ogre
 10575 | D:11     | Noticed a centaur warrior
 10579 | D:11     | Killed a two-headed ogre
 10579 | D:11     | Reached skill level 10 in Armour
 10589 | D:11     | Killed a centaur warrior
 10692 | D:11     | Noticed a two-headed ogre
 10702 | D:11     | Killed a two-headed ogre
 10903 | D:11     | Found a shadowy altar of Dithmenos.
 11205 | D:11     | Received a gift from Trog
 11217 | D:11     | Noticed an ogre mage
 11228 | D:11     | Killed an ogre mage
 11569 | D:12     | Found a staircase to the Orcish Mines.
 11577 | D:12     | Found a roughly hewn altar of Beogh.
 11649 | D:12     | Noticed a two-headed ogre
 11657 | D:12     | Killed a two-headed ogre
 11657 | D:12     | Reached skill level 17 in Axes
 11663 | D:12     | Reached skill level 10 in Dodging
 11712 | D:12     | Noticed a two-headed ogre
 11720 | D:12     | Killed a two-headed ogre
 12211 | D:13     | Noticed a centaur warrior
 12224 | D:13     | Killed a centaur warrior
 12319 | D:13     | You fall through a shaft for 2 floors!
 12319 | D:15     | Entered Level 15 of the Dungeon
 12562 | D:15     | Reached XP level 13. HP: 105/114 MP: 12/12
 12568 | D:15     | Noticed Sonja
 12588 | D:15     | Killed Sonja
 13203 | D:15     | Found Xuhimav's Book Emporium.
 13206 | D:14     | Found Etsual's Pet Rocks.
 13213 | D:14     | Found a labyrinth entrance.
 13226 | Lab      | Entered a labyrinth
 13826 | Lab      | Noticed a minotaur
 13836 | Lab      | Killed a minotaur
 13889 | Lab      | Identified the Reference Book on Hurtful Changing
 14166 | D:14     | Reached skill level 18 in Axes
 14851 | D:14     | Noticed an ettin
 14865 | D:14     | Killed an ettin
 14876 | D:14     | Found a gate to the Vaults.
 16099 | D:15     | Found a staircase to the Depths.
 16291 | D:15     | Found an iron altar of Okawaru.
 16563 | Lair:1   | Entered Level 1 of the Lair of Beasts
 17453 | Lair:2   | Found a hole to the Spider Nest.
 17474 | Lair:2   | Reached XP level 14. HP: 83/125 MP: 9/13
 17939 | Lair:3   | Noticed Harold
 17958 | Lair:3   | Killed Harold
 17990 | Lair:3   | Found a frozen archway.
 18025 | IceCv    | Entered an ice cave
 18066 | IceCv    | Reached skill level 19 in Axes
 18415 | IceCv    | Got a smoking platinum ring
 18449 | IceCv    | Identified the ring "Veele" {EV+2 Slay+6} (You found it in an ice cave)
 18473 | IceCv    | Identified a scroll of acquirement
 19107 | Lair:3   | Found a staircase to the Shoals.
 20579 | Lair:5   | Found a viscous altar of Jiyva.
 20580 | Lair:5   | Found a staircase to the Slime Pits.
 21202 | Lair:6   | Entered Level 6 of the Lair of Beasts
 21317 | Lair:6   | Reached skill level 20 in Axes
 21452 | Lair:6   | Reached XP level 15. HP: 100/137 MP: 9/14
 21573 | Lair:6   | Received a gift from Trog
 22921 | Orc:1    | Entered Level 1 of the Orcish Mines
 23076 | Orc:1    | Found Raumoras's Antique Weapon Shoppe.
 23554 | Orc:1    | Found a runed gate.
 23554 | Orc:1    | Noticed Fena's ghost (journeyman OpNe)
 23556 | Orc:1    | Found a runed gate.
 23557 | Orc:1    | Found a runed gate.
 23557 | Orc:1    | Found a roughly hewn altar of Beogh.
 24012 | Orc:1    | Killed Fena's ghost
 24125 | Orc:2    | Entered Level 2 of the Orcish Mines
 24125 | Orc:2    | Found a staircase to the Elven Halls.
 24126 | Orc:2    | Found a roughly hewn altar of Beogh.
 24236 | Orc:2    | Received a gift from Trog
 24335 | Orc:2    | Found a flickering gateway to a bazaar.
 24445 | Orc:2    | Found a roughly hewn altar of Beogh.
 24495 | Orc:2    | Found a roughly hewn altar of Beogh.
 24634 | Orc:2    | Found a roughly hewn altar of Beogh.
 24634 | Orc:2    | Found Zial's General Store.
 24661 | Orc:2    | Bought a scroll of enchant weapon for 135 gold pieces
 24661 | Orc:2    | Bought a scroll of teleportation for 54 gold pieces
 24661 | Orc:2    | Bought a scroll of identify for 36 gold pieces
 24661 | Orc:2    | Bought a scroll of identify for 36 gold pieces
 24661 | Orc:2    | Bought a lamp of fire for 720 gold pieces
 24828 | Orc:2    | Found a roughly hewn altar of Beogh.
 24892 | Orc:2    | Noticed Saint Roka
 24925 | Orc:2    | Killed Saint Roka
 24935 | Orc:2    | Found Yffebuj's Antique Armour Emporium.
 24935 | Orc:2    | Found a roughly hewn altar of Beogh.
 24938 | Orc:2    | Found Pijaob's Antique Weapon Shoppe.
 25014 | Orc:2    | Found a roughly hewn altar of Beogh.
 25079 | Orc:2    | Found Hedais's General Store.
 25087 | Orc:2    | Bought a scroll of teleportation for 51 gold pieces
 25087 | Orc:2    | Bought 23 stones for 39 gold pieces
 25145 | Bazaar   | Entered a bazaar
 25157 | Bazaar   | Found Ixzaun's Weapon Boutique.
 25157 | Bazaar   | Found Alocretac's Antique Armour Shop.
 25175 | Bazaar   | Bought a pair of dazzling boots for 285 gold pieces
 25180 | Bazaar   | Identified the +0 pair of boots of the Clam {+Blink rF++ rN+++} (You bought it in a shop in a bazaar)
 25221 | Bazaar   | Found Ufuonaud's Magic Scroll Boutique.
 25221 | Bazaar   | Found Etoudig's Jewellery Shop.
 25229 | Bazaar   | Bought a scroll of teleportation for 30 gold pieces
 25229 | Bazaar   | Bought a scroll of identify for 20 gold pieces
 25229 | Bazaar   | Bought a scroll of brand weapon for 200 gold pieces
 25229 | Bazaar   | Bought a scroll of teleportation for 30 gold pieces
 25229 | Bazaar   | Bought a scroll of identify for 20 gold pieces
 25229 | Bazaar   | Bought a scroll of teleportation for 30 gold pieces
 25229 | Bazaar   | Bought a scroll of fear for 35 gold pieces
 25229 | Bazaar   | Bought a scroll of identify for 20 gold pieces
 25229 | Bazaar   | Bought a scroll of identify for 20 gold pieces
 25229 | Bazaar   | Bought a scroll of magic mapping for 35 gold pieces
 25239 | Bazaar   | Bought the amulet of the Four Winds {rN+ MR+++ Clar} for 439 gold pieces
 25239 | Bazaar   | Found the amulet of the Four Winds {rN+ MR+++ Clar}
 25386 | Depths:1 | Entered Level 1 of the Depths
 25498 | Depths:1 | Reached skill level 15 in Fighting
 25506 | Depths:1 | Received a gift from Trog
 25623 | Depths:1 | Found a gateway to Hell.
 25738 | Depths:1 | Found Ywnisuo's Serpentskin Sales.
 25746 | Depths:1 | Reached skill level 15 in Armour
 26122 | Depths:1 | Noticed a lich
 26123 | Depths:1 | Found a gateway to a ziggurat.
 26140 | Depths:1 | Killed a lich
 26191 | Depths:1 | Noticed a fire giant
 26198 | Depths:1 | Killed a fire giant
 26285 | Depths:1 | Reached XP level 16. HP: 149/149 MP: 5/15
 26771 | Depths:1 | Found a runed door.
 26787 | Depths:1 | Noticed strelocc's ghost (journeyman DEEE)
 26801 | Depths:1 | Killed strelocc's ghost
 26861 | Depths:1 | Noticed Asterion
 26887 | Depths:1 | Found a one-way gate leading to the halls of Pandemonium.
 27018 | Depths:1 | Killed Asterion
 27018 | Depths:1 | Reached skill level 15 in Dodging
 27041 | Depths:1 | Received a gift from Trog
 27738 | Spider:1 | Entered Level 1 of the Spider Nest
 27743 | Spider:1 | Noticed Nikola
 27748 | Spider:1 | Noticed Aizul
 27755 | Spider:1 | Killed Nikola
 27766 | Spider:1 | Killed Aizul
 28140 | Spider:1 | Noticed Kirke
 28157 | Spider:1 | Killed Kirke
 28386 | Spider:1 | Noticed Agnes
 28393 | Spider:1 | Killed Agnes
 28393 | Spider:1 | Reached XP level 17. HP: 100/161 MP: 5/16
 28719 | Spider:1 | Received a gift from Trog
 29173 | Spider:2 | Noticed Rupert
 29185 | Spider:2 | Received a gift from Trog
 29192 | Spider:2 | Killed Rupert
 30082 | Spider:2 | You fall through a shaft!
 30364 | Spider:3 | Received a gift from Trog
 30375 | Spider:3 | Got an iridescent battleaxe {god gift}
 30382 | Spider:3 | Identified the +9 battleaxe of Defiance {chop, Str+4} (Trog gifted it to you on level 3 of the Spider Nest)
 30479 | Spider:3 | Reached skill level 21 in Axes
 30921 | Spider:3 | Found a roughly hewn altar of Beogh.
 31472 | Spider:4 | Entered Level 4 of the Spider Nest
 31541 | Spider:4 | Noticed Bai Suzhen
 31551 | Spider:4 | Killed Bai Suzhen
 31560 | Spider:4 | Reached ****** piety under Trog
 31564 | Spider:4 | Reached XP level 18. HP: 141/171 MP: 17/17
 31582 | Spider:4 | Reached skill level 22 in Axes
 31583 | Spider:4 | Found a runed gate.
 31583 | Spider:4 | Found a runed gate.
 31716 | Spider:4 | Received a gift from Trog
 32297 | Spider:4 | Received a gift from Trog
 32750 | Spider:4 | Reached skill level 23 in Axes
 32778 | Spider:4 | Got a gossamer rune of Zot
 32883 | Spider:4 | Found a runed gate.
 32889 | Spider:4 | Noticed motoroller71's ghost (adept GnFi)
 32923 | Spider:4 | Killed motoroller71's ghost
 33106 | Shoals:1 | Entered Level 1 of the Shoals
 33135 | Shoals:1 | Killed from afar by a water nymph

Vault maps used:
D:1:      mrwooster_arrival_statue_3
D:2:      uniq_sigmund
D:3:      overflow_temple_1_default, uniq_grinder, uniq_natasha
D:4:      old_standard_altar, tgw_trog, first_ration, kennysheep_generic_room_7
D:6:      minmay_temple_entry_glassed_door, supply_closet_lemuel,
          kennysheep_nub, st_stairs_5, uniq_crazy_yiuf_cottage
D:8:      lightli_temple_of_fire
D:9:      lemuel_zombie_altar_kikubaaqudgha, nicolae_overflow_hidden_temple,
          ebering_ghost_inner_flame, blue_anna_alchemist
D:11:     minmay_quarter_circles, lair_entry_dummy, minmay_door_square,
          grunt_dithmenos_smoke
D:12:     minmay_orc_entry_temple_small
D:13:     hangedman_decor_clover_reticule
D:14:     david_vaults_4, lab_entry_generic, kennysheep_cross_bottleneck,
          guppyfry_shop_earth
D:15:     grunt_enter_depths_magical_seal, serial_shops, shop,
          corexii_leaking_fountain, okawaru_ov_weapons_minmay, uniq_sonja
Lair:2:   nicolae_spider_entry_orb_guardian
Lair:3:   minmay_shoals_entry_lonely_mermaid, portal_ice_cave_demonic_guard,
          st_stairs_7, bobbens_dragon_lair_wall, serial_bayou_shore_b,
          uniq_harold
Lair:4:   serial_bayou_shore_b, lemuel_fruit_tree, grunt_megastairs_1
Lair:5:   slime_altar_1
Lair:6:   gammafunk_lair_ancient_temple, infiniplex_staircase_pool_2
Shoals:1: nicolae_shoals_water_shrine
Spider:1: nicolae_spider_webs_and_nodes, spiders_nest_spider_trap, uniq_kirke,
          uniq_nikola, uniq_agnes, uniq_rupert, uniq_aizul
Spider:2: hangedman_spider_trapstep
Spider:3: nicolae_spider_mines_2, nicolae_spider_cling_ruins
Spider:4: spider_rune_water, gammafunk_ghost_necromancy, uniq_bai_suzhen
Orc:1:    cheibrodos_orc_guarddog, serial_shops, nicolae_shop_waterfront,
          biasface_ghost_orc_armoury
Orc:2:    grunt_orc_community_town_hall, grunt_orc_community_big_house_1,
          grunt_orc_community_big_house_1, grunt_orc_community_house_1,
          grunt_orc_community_house_3, grunt_orc_community_house_2,
          grunt_orc_community_house_2, basic_altar, serial_shops,
          bzr_entry_islet
Depths:1: enter_ziggurat_b, ebering_ghost_inner_flame, grunt_pan_entry_sceptre,
          minmay_misc_feat_doors, hell_entry, guppyfry_shop_venom,
          grunt_megastairs_3, uniq_asterion
Lab:      labyrinth_green, nicolae_lab_big_swirl, labyrinth_skeletal_remains
Bazaar:   bazaar_jpeg_ribbon
IceCv:    ice_cave_small_dragons

Skill      XL: |  1  2  3  4  5  6  7  8  9 10 11 12 13 14 15 16 17 18 |
---------------+-------------------------------------------------------+-----
Axes           | 4 5 7 8 9 11 12 13 14 16 17 18 20 21 23 | 23.5
Fighting       | 4 5 7 8 10 11 12 13 15 17 | 17.7
Armour         | 3 4 6 8 9 11 12 13 15 16 17 | 17.6
Dodging        | 4 6 7 9 10 11 12 14 15 16 | 16.3

Action                   |  1- 3 |  4- 6 |  7- 9 | 10-12 | 13-15 | 16-18 || total
-------------------------+-------+-------+-------+-------+-------+-------++-------
Melee: Hand axe          |    52 |   103 |    53 |       |       |       ||   208
       Headbutt          |     4 |    11 |    55 |   108 |   261 |   192 ||   631
       War axe           |       |       |   114 |       |       |       ||   114
       Battleaxe         |       |       |   155 |   454 |   993 |   334 ||  1936
       Executioner's axe |       |       |       |       |       |   392 ||   392
Invok: Berserk           |     1 |       |     2 |    11 |     6 |     3 ||    23
       Trog's Hand       |       |     3 |     5 |    17 |    24 |    19 ||    68
       Brothers in Arms  |       |       |       |       |     2 |       ||     2
Evoke: Wand              |       |       |     3 |       |     2 |     1 ||     6
       Lamp of fire      |       |       |       |       |       |     1 ||     1
  Use: Scroll            |       |       |       |    12 |    23 |    18 ||    53
       Potion            |       |       |       |     1 |     7 |     4 ||    12
 Stab: Paralysed         |       |       |       |       |       |     1 ||     1
  Eat: Chunk             |       |     5 |    17 |    25 |    18 |     8 ||    73
       Ration            |       |       |     3 |     4 |    13 |     9 ||    29
Armor: Animal skin       |     5 |       |       |       |       |       ||     5
       Leather armour    |     2 |       |       |       |       |       ||     2
       Ring mail         |     3 |    22 |     8 |       |       |       ||    33
       Chain mail        |       |       |   117 |   284 |    14 |       ||   415
       Plate armour      |       |       |       |       |   421 |   508 ||   929
Dodge: Dodged            |    29 |    42 |   133 |   296 |   589 |   711 ||  1800

Table legend:
 A = Spawn XP
 B = Non-spawn XP
 C = Spawn XP percentage of total XP
 D = Spawn monster count
 E = Non-spawn monster count
 F = Spawn count percentage of total count
 G = Total turns spent on level
                    A         B        C        D         E        F      G
               +---------+---------+-------+---------+---------+-------+---------
         Total |       0 |  335493 |   0.0 |       0 |    1143 |   0.0 | 33135
               +---------+---------+-------+---------+---------+-------+---------
           D:1 |       0 |      29 |   0.0 |       0 |      16 |   0.0 |   721
           D:2 |       0 |     313 |   0.0 |       0 |      22 |   0.0 |   638
           D:3 |       0 |     488 |   0.0 |       0 |      24 |   0.0 |   784
           D:4 |       0 |     497 |   0.0 |       0 |      28 |   0.0 |  1133
           D:5 |       0 |     555 |   0.0 |       0 |      23 |   0.0 |   789
           D:6 |       0 |     793 |   0.0 |       0 |      17 |   0.0 |   577
           D:7 |       0 |    1407 |   0.0 |       0 |      21 |   0.0 |   967
           D:8 |       0 |    1565 |   0.0 |       0 |      23 |   0.0 |   916
           D:9 |       0 |    2734 |   0.0 |       0 |      26 |   0.0 |  1208
          D:10 |       0 |    4870 |   0.0 |       0 |      30 |   0.0 |  1115
          D:11 |       0 |   15901 |   0.0 |       0 |      77 |   0.0 |  2621
          D:12 |       0 |    4136 |   0.0 |       0 |      29 |   0.0 |  1020
          D:13 |       0 |    4122 |   0.0 |       0 |      19 |   0.0 |   689
          D:14 |       0 |    8529 |   0.0 |       0 |      24 |   0.0 |  1673
          D:15 |       0 |   13195 |   0.0 |       0 |      30 |   0.0 |  1580
        Lair:1 |       0 |    2494 |   0.0 |       0 |      10 |   0.0 |   750
        Lair:2 |       0 |    2915 |   0.0 |       0 |       9 |   0.0 |   766
        Lair:3 |       0 |    8060 |   0.0 |       0 |      32 |   0.0 |   881
        Lair:4 |       0 |   10457 |   0.0 |       0 |      31 |   0.0 |  1107
        Lair:5 |       0 |    4324 |   0.0 |       0 |      14 |   0.0 |   659
        Lair:6 |       0 |   19868 |   0.0 |       0 |      59 |   0.0 |  1576
      Shoals:1 |       0 |    2673 |   0.0 |       0 |       6 |   0.0 |    29
      Spider:1 |       0 |   20960 |   0.0 |       0 |      45 |   0.0 |  2134
      Spider:2 |       0 |   31476 |   0.0 |       0 |      84 |   0.0 |   637
      Spider:3 |       0 |   27237 |   0.0 |       0 |      76 |   0.0 |  1027
      Spider:4 |       0 |   53176 |   0.0 |       0 |     102 |   0.0 |  1522
         Orc:1 |       0 |    9298 |   0.0 |       0 |      50 |   0.0 |   915
         Orc:2 |       0 |   11319 |   0.0 |       0 |     107 |   0.0 |  1052
      Depths:1 |       0 |   65370 |   0.0 |       0 |      87 |   0.0 |  2167
           Lab |       0 |    1358 |   0.0 |       0 |       2 |   0.0 |   667
         IceCv |       0 |    5374 |   0.0 |       0 |      20 |   0.0 |   684
               +---------+---------+-------+---------+---------+-------+---------
